 Dungeon Crawl Stone Soup version 0.28-a0-1143-gcf6077d4cc (webtiles) character file.

Game seed: 5389061145322300798

5892 ytrimaz the Fighter (level 11, -4/87 (92) HPs)
             Began as a Formicid Fighter on Dec 13, 2021.
             Was a Follower of Ru.
             Slain by an orc (7 damage)
             ... on level 9 of the Dungeon.
             The game lasted 00:10:24 (8796 turns).

ytrimaz the Fighter (Formicid Fighter)              Turns: 8796, Time: 00:10:25

HP:   -4/87 (92)    AC: 10    Str: 31    XL:     11   Next: 8%
MP:   11/11         EV: 10    Int:  8    God:    Ru [*.....]
Gold: 549           SH: 11    Dex: 14    Spells: 10/10 levels left

rFire   . . .      SeeInvis +   a - +0 war axe
rCold   . . .      Faith    .   g - +0 kite shield of Lonoder {rPois Dex+4 Slay+3}
rNeg    . . .      Spirit   .   b - +0 scale mail
rPois   +          Reflect  .   (helmet unavailable)
rElec   +          Harm     .   l - +0 cloak
rCorr   .          Rampage  .   (no gloves)
Will    +....      Clarity  +   (no boots)
Stlth   ..........              (no amulet)
HPRegen 0.24/turn               k - +6 ring of strength
MPRegen 0.12/turn               (no ring)

@: drained
A: permanent stasis, dig shafts and tunnels, antennae 3, inability to train
dodging, four strong arms, clarity, electricity resistance, subdued magic 1
a: Dig, Shaft Self, Renounce Religion, Sacrifice Stealth, Sacrifice an Eye,
Sacrifice Arcana, Reject Sacrifices


You were on level 9 of the Dungeon.
You worshipped Ru.
Ru was aware of your devotion.
You visited 2 branches of the dungeon, and saw 12 of its levels.

You collected 549 gold pieces.

Inventory:

Hand Weapons
 a - a +0 war axe (weapon)
Armour
 b - a +0 scale mail (worn)
 g - the +0 kite shield of Lonoder (worn) {rPois Dex+4 Slay+3}
   (You acquired it on level 4 of the Dungeon)

   Dex:       It affects your dexterity (+4).
   Slay:      It affects your accuracy & damage with ranged weapons and melee
   (+3).
   rPois:     It protects you from poison.
 l - a +0 cloak (worn)
Jewellery
 k - a +6 ring of strength (left hand)
 n - a +6 ring of strength
Wands
 d - a wand of polymorph (7)
 s - a wand of digging (6)
Scrolls
 c - a scroll of magic mapping
 f - a scroll of amnesia
 p - 2 scrolls of enchant weapon
Potions
 e - 7 potions of brilliance
 h - 3 potions of curing
 i - a potion of lignification
 j - 4 potions of flight
 m - 3 potions of attraction {unknown}
 o - 3 potions of resistance
 q - a potion of mutation
 r - a potion of invisibility {unknown}


   Skills:
 * Level 10.9 Fighting
 + Level 9.3 Axes
 * Level 10.8 Armour
 - Level 9.0 Shields


You had 10 spell levels left.
You didn't know any spells.
Your spell library contained the following spells:

 Spells                   Type           Power      Damage    Failure   Level
 Freeze                   Ice            0%         1d3       54%         1
 Frozen Ramparts          Ice            0%         1d2       90%         3
 Animate Dead             Necr           0%         N/A       100%        4
 Hailstorm                Conj/Ice       0%         3d3       100%        4
 Borgnjor's Vile Clutch   Necr/Erth      0%         N/A       100%        5
 Death Channel            Necr           0%         N/A       100%        6


Dungeon Overview and Level Annotations

Branches:
Dungeon (11/15)            Temple (1/1) D:4
   Lair: D:8-11         Orc: D:9-12

Altars:
Cheibriados
Dithmenos
Elyvilon
Gozag
Hepliaklqana
Kikubaaqudgha
Nemelex Xobeh
Okawaru
Qazlal
Ru
Sif Muna
Trog
Uskayaw
Vehumet
Wu Jian
Xom
Yredelemnul
Zin
The Shining One

Shops:
D:5 (

Annotations:
D:7 1 runed translucent door, Crazy Yiuf


Innate Abilities, Weirdness & Mutations

You cannot be hasted, slowed, berserked, paralysed or teleported.
You can dig through walls and to a lower floor.
You have a pair of large antennae on your head. (SInv)
You cannot train Dodging skill.
Your four strong arms can wield two-handed weapons with a shield.
You possess an exceptional clarity of mind.
You are resistant to electric shocks. (rElec)
Your spells are a little easier to cast, but a little less powerful.


Message History

The magic dart hits you!
You redirect the orc wizard's attack!
The orc wizard points at you and mumbles some strange words.
You resist with almost no effort.
The orc wizard casts a spell.
The orc wizard flickers and vanishes for a moment.
The orc wizard casts a spell at you. You resist with almost no effort.
The orc warrior hits you with a +0 war axe!
* * * LOW HITPOINT WARNING * * *
Found 8 gold pieces.
The wight hits you from afar with a +5 spear of freezing.
* * * LOW HITPOINT WARNING * * *
The wight freezes you.
* * * LOW HITPOINT WARNING * * *
You see here 8 gold pieces.
Found a ring mail.
A seven-headed hydra comes into view.
Found 20 gold pieces and 17 bolts.
The seven-headed hydra roars!
Unknown command.
The orc wizard gestures wildly while chanting.
The orc wizard flickers and vanishes for a moment.
You block the wight's attack. The wight hits you but does no damage.
The wight hits you from afar with a +5 spear of freezing.
You feel drained. The wight freezes you.
The wight hits you from afar with a +5 halberd.
The orc warrior hits you with a +0 war axe!
* * * LOW HITPOINT WARNING * * *
The wight hits you from afar with a +5 spear of freezing!
* * * LOW HITPOINT WARNING * * *
You feel drained.
* * * LOW HITPOINT WARNING * * *
The wight freezes you.
* * * LOW HITPOINT WARNING * * *
Unknown command.
Okay, then.
The orc hits you with a +0 flail!
You die...

##...{.{......###.#####
#.....z...###........##
#.#.###.### #####.##.##
#.#.# #.# #.##... #z#..
#.# #...... #.##.##.#
####z##
##.##o##.########## #...
#.....o..##.......###.##
#o#..z.@###........o{.##
#.#..zz.# #.......###..{
#.#...o.# #......{###.##
#.#.....# #.....{{#{...{
#...D...# #....{{{#z#.##
####o#### #.....{{#.#.#
#.# ##.....oz...# #.#
#.#o#o....## ...
#.#.#...{.###


You could see a seven-headed hydra, an orc warrior, 3 wights, an orc wizard
(invisible) and 2 orcs.

Vanquished Creatures
  A manticore (D:9)
  3 centaur zombies
  Joseph (D:7)
  Maggie (D:6)
  A troll (D:7)
  Prince Ribbit (D:7)
  A hornet (D:7)
  A wyvern (D:8)
  A water moccasin (D:5)
  Duvessa (D:6)
  An orc warrior (D:6)
  A sky beast (D:6)
  2 ogres (D:6)
  A phantom (D:4)
  2 bullfrogs
  A gnoll sergeant (D:9)
  A scorpion (D:5)
  Dowan (D:6)
  6 hounds
  3 centaur skeletons
  4 orc priests
  3 jellies
  Ijyb (D:5)
  2 iguanas (D:6)
  7 orc wizards
  A killer bee zombie (D:7)
  A hound skeleton (D:2)
  7 gnolls
  3 adders
  A white imp (D:7)
  A worm (D:4)
  2 dart slugs (D:2)
  24 orcs
  7 ball pythons
  10 bats
  10 endoplasms
  2 giant cockroaches (D:2)
  7 goblins
  2 hobgoblins
  9 jackals
  5 kobolds
  4 quokkas (D:2)
  5 frilled lizards
  9 rats
  A spectral goblin (D:1)
159 creatures vanquished.

Vanquished Creatures (others)
  2 fungi (D:10)
  10 plants (D:10)
12 creatures vanquished.

Grand Total: 171 creatures vanquished

Notes
Turn   | Place    | Note
-------+----------+-------------------------------------------
     0 | D:1      | ytrimaz the Formicid Fighter began the quest for the Orb.
     0 | D:1      | Reached XP level 1. HP: 18/18 MP: 1/1
   217 | D:1      | Reached XP level 2. HP: 19/24 MP: 2/2
   402 | D:1      | Found a faded altar of an unknown god.
   630 | D:1      | Reached XP level 3. HP: 27/30 MP: 3/3
  1334 | D:2      | Reached XP level 4. HP: 34/37 MP: 4/4
  2321 | D:3      | Reached XP level 5. HP: 39/42 MP: 5/5
  3095 | D:4      | Reached XP level 6. HP: 49/49 MP: 6/6
  3183 | D:4      | Found a snail-covered altar of Cheibriados.
  3244 | D:4      | Gained mutation: You are weak. (Str -2) [potion of
                  | mutation]
  3244 | D:4      | Gained mutation: You possess an exceptional clarity of
                  | mind. [potion of mutation]
  3261 | D:4      | Found a sparkling altar of Nemelex Xobeh.
  3261 | D:4      | Found a faded altar of an unknown god.
  3269 | D:4      | Found a faded altar of an unknown god.
  3271 | D:4      | Found a glowing silver altar of Zin.
  3273 | D:4      | Found a hazy altar of Hepliaklqana.
  3282 | D:4      | Lost mutation: You are weak. (Str -2) [potion of mutation]
  3282 | D:4      | Gained mutation: Your spells are a little easier to cast,
                  | but a little less powerful. [potion of mutation]
  3282 | D:4      | Gained mutation: You are resistant to electric shocks.
                  | (rElec) [potion of mutation]
  3393 | D:4      | Found a staircase to the Ecumenical Temple.
  3439 | Temple   | Entered the Ecumenical Temple
  3672 | Temple   | Became a worshipper of Ru the Awakened
  3825 | D:4      | Identified a scroll of acquirement
  3825 | D:4      | Acquired the +0 kite shield of Lonoder {rPois Dex+4 Slay+3}
  3857 | D:5      | Entered Level 5 of the Dungeon
  3860 | D:5      | Noticed a water moccasin
  3897 | D:5      | Found Veabi's Weapon Boutique.
  3916 | D:5      | Reached skill level 5 in Shields
  4000 | D:5      | Noticed Ijyb
  4007 | D:5      | Reached XP level 7. HP: 47/55 MP: 7/7
  4012 | D:5      | Reached skill level 5 in Armour
  4012 | D:5      | Killed Ijyb
  4013 | D:5      | Reached skill level 5 in Fighting
  4117 | D:5      | HP: 1/84 [water moccasin (7)]
  4120 | D:5      | Killed a water moccasin
  4419 | D:5      | Reached skill level 5 in Axes
  4439 | D:5      | Reached XP level 8. HP: 60/62 MP: 8/8
  4467 | D:5      | Found a sand-covered staircase.
  5454 | D:6      | Found a shadowy altar of Dithmenos.
  5465 | D:6      | Gained mutation: You cannot train Dodging skill. [Ru
                  | sacrifice]
  5465 | D:6      | Reached * piety under Ru
  5505 | D:6      | Found a shimmering blue altar of Sif Muna.
  5632 | D:6      | Noticed Dowan
  5632 | D:6      | Noticed Duvessa
  5650 | D:6      | Killed Duvessa
  5655 | D:6      | Killed Dowan
  5802 | D:6      | Reached XP level 9. HP: 42/71 MP: 9/9
  6423 | D:6      | Reached skill level 10 in Fighting
  6423 | D:6      | Reached skill level 10 in Armour
  6423 | D:6      | Reached XP level 10. HP: 86/86 MP: 10/10
  6424 | D:6      | Noticed Maggie
  6447 | D:6      | Killed Maggie
  7087 | D:7      | Noticed Joseph
  7101 | D:7      | Killed Joseph
  7125 | D:7      | Noticed Prince Ribbit
  7133 | D:7      | Killed Prince Ribbit
  7480 | D:7      | Found a runed translucent door.
  7481 | D:7      | Noticed Crazy Yiuf
  8179 | D:8      | You fall into a shaft and drop 1 floor!
  8192 | D:9      | Reached XP level 11. HP: 64/92 MP: 11/11
  8193 | D:9      | Noticed a two-headed ogre
  8255 | D:9      | HP: 1/92 [two-headed ogre (26)]
  8257 | D:9      | You fall into a shaft and drop 2 floors!
  8624 | D:10     | Entered Level 10 of the Dungeon
  8661 | D:10     | Found a basalt altar of Yredelemnul.
  8675 | D:9      | Noticed a manticore
  8684 | D:9      | Killed a manticore
  8790 | D:9      | Noticed a seven-headed hydra
  8795 | D:9      | HP: 3/87 [wight (4)]
  8796 | D:9      | Slain by an orc

Illustrated notes

Levels and vault maps discovered:
D:1:      minmay_arrival_wavy_path, layout_loops_ring,
          dreamdust_ecumenical_altar_drowned_temple
D:2:      kennysheep_big_flooded_room, layout_basic, minmay_circle_x
D:3:      layout_basic
D:4:      minmay_spotlight, layout_rooms, chequers_temple_overflow_minitemple,
          lemuel_doored_altar, minmay_temple_entry_water_ring, serial_curves,
          eino_curves_04, eino_curves_04
D:5:      layout_cave_pools, nicolae_ossuary_entry_monument, roderic_lattice_a,
          minmay_shop_grid_forest, uniq_ijyb
D:6:      layout_basic, mainiacjoe_overflow_large_starburst, minivault_19,
          uniq_maggie, uniq_duvessa
D:7:      layout_loops_cross, uniq_crazy_yiuf_cottage, uniq_prince_ribbit1,
          uniq_joseph
D:8:      layout_basic, mainiacjoe_overflow_cross_hatched, kennysheep_mini,
          serial_glass, glass_columns_a, glass_columns_b, glass_columns_c,
          glass_columns_c, glass_columns_a, glass_columns_a, glass_columns_c,
          glass_columns_b, glass_columns_c, glass_columns_a, feat_on_display,
          due_unseen_surprise
D:9:      layout_loops_cross, fedhas_ov_isle_minmay, serial_shops, shop,
          grunt_ministairs_6, nicolae_zen_rock_garden, nicolae_shop_gadgets
D:10:     nzn_winding_woodlands_cross [nzn_winding_woodlands_5x15_sawtooth,
          nzn_winding_woodlands_5x15_sidewinder,
          nzn_winding_woodlands_5x15_river_crossing,
          nzn_winding_woodlands_5x15_lazy_stream,
          nzn_winding_woodlands_15x15_thick_spiral], layout_loops_ring,
          lemuel_crystal_altar, minmay_lair_entry_grove, orc_0_dummy,
          st_stairs_1
D:11:     layout_layer_cave, serial_shops, shop, kennysheep_mini_moat,
          nicolae_diamond_shop, shop_statue, kennysheep_little_box, uniq_snorg
Temple:   minmay_temple_bridge_abc

Skill      XL: |  1  2  3  4  5  6  7  8  9 10 |
---------------+-------------------------------+-----
Shields        | 4 5 6 8 9 |  9.0
Armour         | 4 5 6 10 | 10.8
Fighting       | 4 5 6 10 | 10.9
Axes           | 3 4 5 6 8 9 |  9.3

Action                   |  1- 3 |  4- 6 |  7- 9 | 10-12 || total
-------------------------+-------+-------+-------+-------++-------
Melee: War axe           |    91 |   137 |   138 |   122 ||   488
Invok: Sacrifice Nimblen |       |       |     1 |       ||     1
 Abil: Dig               |       |       |       |     4 ||     4
       Shaft Self        |       |       |       |     1 ||     1
  Use: Scroll            |     5 |    11 |     4 |       ||    20
       Potion            |       |     3 |     5 |     2 ||    10
Armor: Scale mail        |    58 |    73 |    63 |    32 ||   226
       Skin              |       |       |    13 |     4 ||    17
Dodge: Dodged            |    56 |    81 |    70 |    36 ||   243
Block: Buckler           |    27 |    47 |    54 |     1 ||   129
       Kite shield       |       |       |       |    62 ||    62

Table legend: (Time is in decaauts)
 A = Elapsed time spent in this place.
 B = Non-inter-level travel time spent in this place.
 C = Inter-level travel time spent in this place.
 D = Time resting spent in this place.
 E = Time spent auto-exploring this place.
 F = Levels seen in this place.
 G = Mean time per level.
                   A        B        C        D        E       F      G
               +--------+--------+--------+--------+--------+-----+--------+
         Total |   8929 |   8681 |    248 |    669 |   6468 |  12 |  744.1 |
       Dungeon |   8675 |   8447 |    228 |    669 |   6248 |  11 |  788.6 |
        Temple |    254 |    234 |     20 |      0 |    220 |   1 |  254.0 |
               +--------+--------+--------+--------+--------+-----+--------+

Top non-repeatable levels by time:
     D:6: 2043 daAuts
     D:2: 1178 daAuts
     D:7: 1176 daAuts
     D:5: 1012 daAuts
     D:1: 1007 daAuts
     D:4: 840 daAuts
     D:3: 696 daAuts
    D:11: 366 daAuts
  Temple: 254 daAuts
     D:9: 211 daAuts
     D:8: 101 daAuts
    D:10: 40 daAuts
